Map: Snowy Mesa

Players

neulaender - Winner!

  • Race: Zerg Zerg

Baumdoktor - Winner!

  • Race: Protoss Protoss

Flow

  • Race: Protoss Protoss
  • League: Silver

Adschi

  • Race: Zerg Zerg
  • League: Gold

VOD

Have the link to the VOD?

Description

Time

  • Played on: Oct. 16, 2016, 12:45 p.m.
  • Length: 12:14
Show
View Real Time Build Order
Export as new Build Order

neulaender Zerg - Winner!

Build Orders: Hatch First 

Get SALT Encoding   

  12  0:02  Drone  
  13  0:13  Overlord  
  13  0:17  Drone  
  14  0:32  Drone x2  
  14  0:34  Drone  
  17  0:55  Hatchery  
  16  1:04  Drone x2  
  18  1:20  Spawning Pool  
  18  1:25  Overlord  
  17  1:26  Extractor  
  17  1:27  Drone  
  17  1:31  Drone  
  19  1:40  Drone  
  19  2:01  Drone x2  
  21  2:07  Queen  
  21  2:08  Queen  
  23  2:10  Drone  
  23  2:12  Drone  
  27  2:21  Drone  
  28  2:25  Drone  
  28  2:28  Drone  
  30  2:30  Metabolic Boost  
  30  2:33  Drone  
  31  2:43  Overlord  
  31  2:46  Drone  
  31  2:50  Evolution Chamber  
  31  2:54  Evolution Chamber  
  31  2:58  Drone x2  
  32  3:05  Drone  
  32  3:06  Drone  
  32  3:09  Lair  
  34  3:15  Extractor  
  34  3:16  Extractor  
  34  3:17  Drone x3  
  35  3:20  Drone  
  35  3:26  Drone  
  35  3:27  Drone x2  
  38  3:30  Drone x2  
  41  3:39  Drone  
  42  3:46  Drone  
  42  3:47  Extractor  
  42  3:54  Zerg Missile Weapons Level 1  
  42  3:59  Roach Warren  
  42  4:01  Drone  
  42  4:02  Drone x2  
  44  4:03  Overlord  
  44  4:04  Overlord  
  44  4:12  Zerg Ground Armor Level 1  
  44  4:14  Burrow  
  44  4:22  Drone, Overlord  
  45  4:42  Spore Crawler  
  45  4:44  Spore Crawler  
  43  4:46  Drone x3  
  44  4:57  Drone x2  
  46  5:01  Roach  
  46  5:02  Roach x6  
  46  5:04  Glial Reconstitution  
  60  5:12  Hatchery  
  59  5:14  Drone x3  
  59  5:15  Hydralisk Den  
  61  5:36  Roach x3  
  61  5:38  Overlord x4  
  67  5:51  Muscular Augments  
  67  5:54  Overlord x3  
  67  5:59  Hydralisk  
  67  6:00  Hydralisk  
  67  6:02  Zergling x2  
  72  6:06  Drone  
  73  6:14  Hydralisk x2  
  77  6:19  Zergling x10  
  77  6:23  Tunneling Claws  
  77  6:25  Hydralisk x2  
  82  6:29  Queen  
  88  6:35  Drone  
  89  6:40  Hydralisk x2  
  89  6:41  Hydralisk  
  89  6:43  Zergling x6  
  89  6:44  Zergling x2  
  99  6:51  Hydralisk  
  99  6:53  Zergling x4  
  92  7:18  Roach  
  92  7:19  Roach x6  
  92  7:33  Hydralisk  
  92  7:34  Hydralisk x3  
  92  7:35  Zergling x2  
  97  7:41  Drone  
  97  7:42  Drone  
  95  7:45  Drone  
  78  8:04  Roach x2, Hydralisk x3  
  83  8:18  Drone x3  
  86  8:25  Drone x3  
  89  8:28  Zerg Missile Weapons Level 2, Hatchery  
  89  8:30  Zerg Melee Weapons Level 1  
  89  8:31  Zergling x8  
  89  8:32  Zergling x4  
  94  8:36  Overseer  
  94  8:41  Overseer  
  81  9:16  Roach x8  
  81  9:17  Roach x5  
  103  9:32  Drone x2  
  103  9:35  Extractor  
  103  9:37  Extractor  
  103  9:43  Drone  
  104  9:46  Overlord  
  104  9:47  Overlord  
  104  9:48  Hydralisk x4  
  112  9:57  Drone x2  
  112  9:58  Drone  
  115  10:01  Roach x2, Hydralisk  
  115  10:02  Roach x2, Hydralisk  
  127  10:08  Hatchery  
  127  10:11  Pneumatized Carapace  
  126  10:15  Hydralisk x3  
  126  10:16  Hydralisk  
  134  10:25  Queen  
  134  10:26  Drone  
  134  10:27  Drone x2  
  139  10:53  Overseer  
  137  11:07  Roach x2  
  137  11:08  Zergling x2, Roach x2  
  137  11:11  Overlord x5  
  144  11:28  Zergling x2  
  144  11:29  Zergling x30  
  160  11:41  Hydralisk x5  
  170  11:51  Drone x3  
Show
View Real Time Build Order
Export as new Build Order

Baumdoktor Protoss - Winner!

Build Orders: 1 Gate Expand 

Get SALT Encoding   

  12  0:02  Probe (Chrono Boost)  
  13  0:13  Probe (Chrono Boost)  
  14  0:18  Pylon  
  14  0:23  Probe (Chrono Boost)  
  15  0:36  Probe (Chrono Boost)  
  15  0:40  Gateway  
  16  0:47  Probe (Chrono Boost)  
  17  0:57  Probe (Chrono Boost)  
  18  1:23  Probe (Chrono Boost)  
  18  1:24  Nexus  
  19  1:30  Cybernetics Core  
  19  1:37  Pylon  
  19  1:39  Assimilator  
  19  1:45  Assimilator  
  19  1:50  Probe (Chrono Boost)  
  20  2:00  Probe (Chrono Boost)  
  21  2:12  Probe (Chrono Boost)  
  22  2:22  Warp Gate  
  23  2:23  Probe (Chrono Boost)  
  23  2:34  Probe (Chrono Boost)  
  23  2:35  Twilight Council  
  24  2:46  Probe (Chrono Boost), Forge  
  24  2:48  Pylon  
  24  2:50  Pylon  
  25  2:53  Probe (Chrono Boost)  
  25  2:58  Probe (Chrono Boost)  
  27  3:04  Probe (Chrono Boost)  
  28  3:10  Probe (Chrono Boost)  
  29  3:15  Charge  
  29  3:22  Probe (Chrono Boost)  
  29  3:26  Gateway  
  30  3:32  Gateway  
  31  3:34  Probe (Chrono Boost)  
  31  3:40  Gateway  
  31  3:46  Probe (Chrono Boost)  
  32  3:58  Probe (Chrono Boost)  
  32  4:00  Robotics Facility  
  33  4:03  Robotics Facility  
  33  4:10  Pylon  
  33  4:12  Pylon  
  33  4:29  Zealot x2  
  33  4:30  Zealot  
  39  4:36  Zealot  
  34  4:53  Probe (Chrono Boost)  
  34  4:58  Pylon  
  34  4:59  Pylon  
  35  5:02  Pylon  
  35  5:04  Probe (Chrono Boost), Stalker  
  35  5:06  Stalker  
  41  5:14  Probe (Chrono Boost)  
  41  5:18  Stalker  
  41  5:19  Stalker  
  45  5:28  Probe (Chrono Boost)  
  46  5:38  Probe (Chrono Boost)  
  46  5:40  Probe (Chrono Boost)  
  48  5:49  Probe (Chrono Boost)  
  49  5:52  Probe (Chrono Boost)  
  49  5:53  Assimilator  
  50  5:57  Assimilator  
  50  5:59  Probe (Chrono Boost)  
  50  6:02  Stalker x2  
  56  6:04  Probe (Chrono Boost)  
  56  6:10  Probe (Chrono Boost)  
  57  6:13  Zealot x2  
  57  6:16  Probe (Chrono Boost)  
  62  6:20  Probe (Chrono Boost)  
  63  6:27  Immortal  
  63  6:28  Probe (Chrono Boost)  
  63  6:29  Immortal  
  72  6:45  Nexus  
  64  6:56  Probe (Chrono Boost)  
  65  7:06  Probe (Chrono Boost)  
  66  7:11  Photon Cannon  
  66  7:14  Photon Cannon  
  66  7:17  Probe (Chrono Boost), Photon Cannon  
  66  7:21  Stalker  
  66  7:22  Stalker  
  57  7:49  Stalker  
  57  7:50  Stalker x3  
  65  8:16  Stalker x3  
  65  8:17  Stalker  
  73  8:21  Probe (Chrono Boost)  
  74  8:27  Immortal  
  74  8:32  Probe (Chrono Boost)  
  67  8:42  Probe (Chrono Boost)  
  60  8:53  Probe (Chrono Boost)  
  61  9:03  Probe (Chrono Boost)  
  61  9:04  Observer  
  61  9:06  Observer  
  62  9:21  Stalker x2  
  62  9:22  Stalker x2  
  70  9:25  Warp Prism  
  70  9:28  Immortal  
  70  9:29  Probe (Chrono Boost)  
  77  9:40  Probe (Chrono Boost)  
  78  9:50  Probe (Chrono Boost)  
  79  10:01  Probe (Chrono Boost), Immortal  
  79  10:06  Blink  
  88  10:07  Immortal  
  88  10:11  Probe (Chrono Boost)  
  89  10:15  Gateway  
  89  10:16  Gateway  
  89  10:18  Protoss Ground Weapons Level 1, Gateway  
  89  10:20  Gateway  
  89  10:40  Nexus  
  89  10:41  Immortal  
  79  11:34  Stalker x3  
  79  11:35  Stalker  
Show
View Real Time Build Order
Export as new Build Order

Flow Protoss 

Build Orders: Oracle Opening 

Get SALT Encoding   

  12  0:01  Probe (Chrono Boost)  
  13  0:12  Probe (Chrono Boost)  
  14  0:22  Probe (Chrono Boost)  
  15  0:28  Pylon  
  15  0:31  Assimilator  
  15  0:47  Probe (Chrono Boost)  
  16  0:53  Gateway  
  16  0:58  Probe (Chrono Boost)  
  17  1:08  Probe (Chrono Boost)  
  17  1:09  Assimilator  
  18  1:19  Probe (Chrono Boost)  
  19  1:29  Probe (Chrono Boost)  
  20  1:40  Probe (Chrono Boost)  
  20  1:41  Cybernetics Core  
  20  1:44  Pylon  
  21  1:48  Pylon  
  21  1:50  Probe (Chrono Boost)  
  22  1:56  Pylon  
  22  2:48  Stargate  
  22  2:51  Probe (Chrono Boost)  
  23  2:55  Nexus  
  23  2:59  Pylon  
  23  3:01  Pylon  
  23  3:02  Mothership Core (Chrono Boost)  
  25  3:16  Stargate  
  25  3:26  Pylon  
  25  3:28  Assimilator, Oracle  
  28  3:35  Assimilator  
  28  4:14  Probe (Chrono Boost), Void Ray x2  
  37  4:26  Probe (Chrono Boost)  
  37  4:29  Protoss Air Weapons Level 1  
  38  4:38  Probe (Chrono Boost)  
  39  4:50  Probe (Chrono Boost)  
  40  5:02  Probe (Chrono Boost)  
  41  5:11  Void Ray x2  
  42  5:14  Probe (Chrono Boost)  
  50  5:26  Probe (Chrono Boost)  
  51  5:38  Probe (Chrono Boost)  
  52  5:48  Fleet Beacon  
  53  5:50  Probe (Chrono Boost)  
  53  6:02  Probe (Chrono Boost)  
  54  6:11  Void Ray x2  
  54  6:15  Probe (Chrono Boost)  
  63  6:24  Protoss Air Armor Level 1  
  64  6:27  Probe (Chrono Boost)  
  64  6:39  Probe (Chrono Boost)  
  65  6:51  Probe (Chrono Boost)  
  66  7:03  Probe (Chrono Boost)  
  55  7:40  Nexus  
  46  7:59  Pylon  
  46  8:02  Pylon  
  46  8:05  Carrier, Pylon  
  46  8:07  Pylon  
  46  8:09  Pylon  
  46  8:12  Pylon  
  42  8:16  Carrier  
  42  9:18  Probe (Chrono Boost)  
  43  9:29  Probe (Chrono Boost)  
  44  9:32  Assimilator  
  44  9:36  Assimilator  
  44  9:38  Pylon  
  44  9:39  Probe (Chrono Boost)  
  44  9:41  Pylon  
  44  9:43  Pylon  
  44  9:45  Pylon  
  45  9:49  Pylon  
  45  9:50  Probe (Chrono Boost)  
  46  9:52  Pylon  
  46  10:00  Probe (Chrono Boost)  
  46  10:02  Nexus  
  47  10:11  Probe (Chrono Boost)  
  48  10:16  Void Ray  
  48  10:22  Void Ray  
  56  10:53  Void Ray  
  57  11:05  Void Ray  
Show
View Real Time Build Order
Export as new Build Order

Adschi Zerg 

Build Orders: Pool First 

Get SALT Encoding   

  12  0:01  Drone  
  13  0:08  Drone  
  14  0:15  Extractor  
  14  0:16  Drone  
  15  0:22  Overlord  
  15  0:39  Spawning Pool  
  15  0:41  Drone  
  15  0:45  Drone  
  15  0:48  Drone  
  17  0:55  Drone  
  18  1:06  Drone  
  19  1:13  Extractor  
  19  1:17  Overlord  
  18  1:28  Drone  
  18  1:29  Queen  
  21  1:38  Hatchery  
  20  1:41  Drone  
  21  1:50  Drone  
  22  2:01  Roach Warren  
  22  2:05  Drone  
  22  2:18  Drone  
  23  2:23  Extractor  
  23  2:25  Drone  
  23  2:30  Lair  
  23  2:32  Drone  
  24  2:38  Drone  
  24  2:39  Drone x2  
  27  2:46  Drone  
  28  2:54  Drone  
  29  3:02  Extractor  
  29  3:03  Drone  
  29  3:05  Overlord  
  29  3:11  Queen  
  31  3:23  Drone x2  
  33  3:32  Drone x2  
  33  3:33  Drone x3  
  38  3:35  Drone  
  38  3:39  Extractor  
  38  4:03  Drone x2  
  38  4:06  Drone  
  38  4:07  Drone x2  
  43  4:16  Overlord x2  
  43  4:35  Roach x4  
  43  4:36  Roach  
  53  5:02  Tunneling Claws  
  53  5:08  Burrow  
  53  5:14  Roach x3  
  53  5:16  Overlord x3  
  59  5:42  Roach x2  
  65  5:43  Roach x4  
  65  5:45  Roach x2  
  65  5:46  Roach x4  
  83  5:53  Evolution Chamber  
  83  5:54  Evolution Chamber  
  83  5:56  Evolution Chamber  
  80  6:08  Hatchery  
  80  6:10  Roach x2  
  83  6:13  Overlord x3  
  83  6:21  Glial Reconstitution  
  83  6:32  Zerg Melee Weapons Level 1  
  83  6:33  Zerg Missile Weapons Level 1, Zerg Ground Armor Level 1  
  83  6:35  Roach x2  
  83  6:36  Roach  
  83  6:39  Roach  
  91  6:41  Roach x2  
  95  6:50  Roach x20  
  95  6:55  Drone x3  
  95  6:56  Roach x28  
  98  7:18  Roach x28  
  98  7:43  Roach x6  
  110  7:45  Roach  
  110  7:46  Roach  
  114  8:08  Roach x36  
  114  8:18  Roach x26  
  104  8:43  Roach x19  
  98  8:57  Roach x2  
  98  8:58  Roach  
  98  9:00  Roach x3  
  94  9:31  Roach x5  
  102  9:35  Roach x3  
  102  9:36  Roach x2  
  114  9:39  Overlord  
  114  9:40  Overlord x2  
  114  9:47  Zerg Missile Weapons Level 2, Zerg Ground Armor Level 2  
  114  10:02  Drone x2  
  114  10:05  Queen, Extractor  
  117  10:09  Roach x5  
  117  10:12  Roach x2  
  117  10:13  Roach x3  
  137  10:15  Overlord  
  137  10:22  Roach x20, Spire  
  137  10:25  Infestation Pit  
  135  10:33  Roach x45  
  135  10:41  Roach x39  
  43  11:25  Roach x4  
  51  11:26  Roach x5  
  51  11:28  Roach x2  
  51  11:29  Roach x6  
Tags
 
Add a new tag
Caveats
  • Supply blocks, unpowered buildings, or Contaminate may cause inaccurate times.
  • Supply counts are checked every 10 seconds.